 Dungeon Crawl Stone Soup version 0.31-a0-229-g1fc7ce93e2 (webtiles) character file.

Game seed: 16974736721957164141

119 qw the Shooter (level 5, -3/30 HPs)
             Began as a Gargoyle Hexslinger on July 6, 2023.
             Slain by a gnoll sergeant
             ... wielding a +0 trident
              (4 damage)
             ... on level 2 of the Dungeon.
             The game lasted 00:00:55 (1921 turns).

qw the Shooter (Gargoyle Hexslinger)                Turns: 1921, Time: 00:00:55

Health: -3/30      AC: 10    Str: 11    XL:     5   Next: 3%
Magic:  6/6        EV: 10    Int: 14    God:
Gold:   123        SH:  0    Dex: 14    Spells: 5/6 levels left

rFire   . . .        Y - +1 sling
rCold   . . .        (no shield)
rNeg    + . .        k - +0 ring mail
rPois   inf          (no helmet)
rElec   +            (no cloak)
rCorr   .            j - +0 pair of gloves
SInv    .            (no boots)
Will    .....        (no amulet)
Stlth   +            (no ring)
HPRegen 0.25/turn    (no ring)
MPRegen 0.10/turn

%: no passive effects
@: no status effects
A: sickness immunity, AC +4, negative energy resistance 1, electricity
resistance, torment resistance 1, petrification resistance
a: no special abilities


You were on level 2 of the Dungeon.
You visited 1 branch of the dungeon, and saw 3 of its levels.

You collected 123 gold pieces.


Innate Abilities, Weirdness & Mutations

You are immune to sickness and miasma.
Your stone body is resilient. (AC +4)
You are immune to poison.
You resist negative energy. (rN+)
You are resistant to electric shocks. (rElec)
You are resistant to unholy torment.
You are immune to petrification.


   Skills:
 - Level 2.1 Fighting
 + Level 4.5 Ranged Weapons
 - Level 1.0 Armour
 - Level 1.5 Dodging
 - Level 1.0 Spellcasting
 - Level 2.6 Hexes


You had 5 spell levels left.
You knew the following spells:

 Your Spells              Type           Power      Damage    Failure   Level
a - Slow                  Hex            32%        N/A       21%         1

Your spell library contained the following spells:

 Spells                   Type           Power      Damage    Failure   Level
 Inner Flame              Hex/Fire       4%         N/A       71%         3
 Portal Projectile        Hex/Tloc       8%         N/A       71%         3
 Cause Fear               Hex            4%         N/A       90%         4

Inventory:

Hand Weapons
 Y - a +1 sling (weapon)
Armour
 j - a +0 pair of gloves (worn)
 k - a +0 ring mail (worn)
Scrolls
 d - a scroll of identify
Potions
 c - a potion of enlightenment {unknown}
 h - a potion of might
 i - a potion of curing {unknown}

Dungeon Overview and Level Annotations

Branches:
Dungeon (3/15)

Altars:
Uskayaw
Zin


Message History

The sling bullet barely misses the gnoll sergeant.
The sling bullet closely misses the gnoll.
The gnoll sergeant hits you from afar with a +0 trident!
1883 ||| STAIRDANCE The gnoll sergeant hits you but does no damage.
You climb upwards.
There is a stone staircase leading down here.
You start resting.
HP restored.
Done exploring.
(D) Dungeon
Where to? (* - list waypoints, Enter - D:3, ? - help)
What level of the Dungeon? (default 1, ? - help)
You climb downwards.
The gnoll hits you with a +0 whip.
The gnoll sergeant completely misses you.
The gnoll hits you with a +0 whip. The gnoll sergeant closely misses you.
There is a stone staircase leading up here.
1916 ||| STAIRDANCE The gnoll hits you but does no damage.
The gnoll sergeant closely misses you.
You climb upwards.
There is a stone staircase leading down here.
You shoot a sling bullet.
The sling bullet closely misses the gnoll sergeant.
The gnoll hits you but does no damage.
The gnoll sergeant hits you but does no damage.
You shoot a sling bullet.
The sling bullet hits the gnoll sergeant but does no damage.
The gnoll hits you with a +0 whip!
The gnoll sergeant hits you with a +0 trident!
You shoot a sling bullet.
The sling bullet hits the gnoll sergeant.
The gnoll sergeant is lightly wounded.
The gnoll hits you but does no damage. The gnoll sergeant barely misses you.
You shoot a sling bullet.
The sling bullet closely misses the gnoll sergeant.
The gnoll barely misses you.
The gnoll sergeant hits you with a +0 trident!
The gnoll hits you but does no damage.
The gnoll sergeant hits you with a +0 trident.
You die...

## #.# #....#.#### #.# .#
#.#######..###...# #.# .#
#..........# ###.# #.# .#
#..#######.# #.######.# .#
#..#######.#####.##.....#####
.###.......##.##...............#
.....#####.##.##...........###.##
.#...# #>##.##.g#.##.#...# #..#
.....# #.##.##@g#.##.....###..#
##...# #.##.##..#.######......#
##.## #.##.##..#.###......##.#
#.######.)......(..##......##.#
#...........##..#..##.._...##.#
##############..#..##..........
#..#).............
#..#...#.##.#.##..
#...........#.####


You could see a gnoll sergeant and a gnoll.

Vanquished Creatures
  Terence (D:3)
  A gnoll (D:3)
  5 adders
  A worm (D:2)
  An endoplasm (D:1)
  2 giant cockroaches
  4 goblins
  A hobgoblin (D:1)
  4 jackals (D:1)
  4 kobolds
  4 quokkas
  5 ball pythons
  A bat (D:2)
  3 frilled lizards
  2 rats (D:2)
39 creatures vanquished.

Notes
Turn   | Place    | Note
-------+----------+-------------------------------------------
     0 | D:1      | qw the Gargoyle Hexslinger began the quest for the Orb.
     0 | D:1      | Reached XP level 1. HP: 12/12 MP: 2/2
     0 | D:1      | 0 ||| qw: Version: 0.3-a-46-gb1f654a
     0 | D:1      | 0 ||| qw: Game counter: 1614
     0 | D:1      | 0 ||| qw: Melee chars always use a shield: true
     0 | D:1      | 0 ||| qw: God list: Okawaru
     0 | D:1      | 0 ||| qw: Allow faded altars: false
     0 | D:1      | 0 ||| qw: Do Orc after clearing Dungeon:15 true
     0 | D:1      | 0 ||| qw: Do second Lair branch before Depths: true
     0 | D:1      | 0 ||| qw: Lair rune preference: random
     0 | D:1      | 0 ||| qw: Goals: Normal
     0 | D:1      | 0 ||| PLANNING D:1-11
    60 | D:1      | Found a faded altar of an unknown god.
   219 | D:1      | Reached XP level 2. HP: 12/16 MP: 3/3
   219 | D:1      | 219 ||| FLEEEEING.
   221 | D:1      | 221 ||| FLEEEEING.
   222 | D:1      | 222 ||| FLEEEEING.
   223 | D:1      | 223 ||| FLEEEEING.
   224 | D:1      | 224 ||| FLEEEEING.
   225 | D:1      | 225 ||| FLEEEEING.
   226 | D:1      | 226 ||| FLEEEEING.
   339 | D:1      | Reached skill level 3 in Ranged Weapons
   607 | D:1      | 607 ||| UPGRADING to +0 leather armour.
   617 | D:1      | 617 ||| DROPPING +0 robe.
   618 | D:1      | 618 ||| UPGRADING to +0 pair of gloves.
   623 | D:1      | 623 ||| UPGRADING to +0 ring mail.
   633 | D:1      | 633 ||| DROPPING +0 leather armour.
   634 | D:1      | 634 ||| READING scroll labelled OMNOUSCHI WUSA.
   635 | D:1      | 635 ||| READING scroll labelled JUBAIN ABBOLES.
   636 | D:1      | 636 ||| READING scroll labelled CAQOKL DUGIJ.
   637 | D:1      | 637 ||| READING scroll labelled HUOMATR XIMUO.
   638 | D:1      | 638 ||| READING scroll labelled ASUKHE JEHI.
   641 | D:1      | 641 ||| DROPPING scroll of poison.
   795 | D:2      | Reached XP level 3. HP: 12/21 MP: 4/4
   897 | D:2      | Found a hide-covered altar of Uskayaw.
   953 | D:2      | Reached skill level 1 in Armour
  1137 | D:2      | Reached XP level 4. HP: 26/26 MP: 5/5
  1426 | D:2      | 1426 ||| READING scroll labelled YZORHYLEAL.
  1427 | D:2      | 1427 ||| READING scroll labelled GIOTREN ONLARCH.
  1428 | D:2      | 1428 ||| DRINKING 2 bubbling green potions.
  1494 | D:3      | Noticed Terence
  1508 | D:3      | Killed Terence
  1509 | D:3      | Reached skill level 4 in Ranged Weapons
  1558 | D:3      | Found a glowing silver altar of Zin.
  1631 | D:3      | HP: 5/26 [goblin/+0 long sword (2)]
  1731 | D:3      | Reached XP level 5. HP: 30/30 MP: 6/6
  1744 | D:3      | 1744 ||| FLEEEEING.
  1745 | D:3      | 1745 ||| FLEEEEING.
  1746 | D:3      | 1746 ||| FLEEEEING.
  1747 | D:3      | 1747 ||| FLEEEEING.
  1748 | D:3      | 1748 ||| FLEEEEING.
  1749 | D:3      | 1749 ||| FLEEEEING.
  1750 | D:3      | 1750 ||| FLEEEEING.
  1751 | D:3      | 1751 ||| FLEEEEING.
  1752 | D:3      | 1752 ||| FLEEEEING.
  1753 | D:3      | 1753 ||| FLEEEEING.
  1754 | D:3      | 1754 ||| FLEEEEING.
  1755 | D:3      | 1755 ||| FLEEEEING.
  1756 | D:3      | 1756 ||| FLEEEEING.
  1767 | D:3      | 1767 ||| FLEEEEING.
  1772 | D:3      | 1772 ||| FLEEEEING.
  1775 | D:3      | 1775 ||| FLEEEEING.
  1776 | D:3      | 1776 ||| FLEEEEING.
  1777 | D:3      | 1777 ||| FLEEEEING.
  1778 | D:3      | 1778 ||| FLEEEEING.
  1778 | D:3      | HP: 5/30 [gnoll sergeant/puff of flame (6)]
  1779 | D:3      | 1779 ||| FLEEEEING.
  1780 | D:3      | 1780 ||| FLEEEEING.
  1781 | D:3      | 1781 ||| FLEEEEING.
  1782 | D:3      | 1782 ||| FLEEEEING.
  1785 | D:3      | 1785 ||| FLEEEEING.
  1786 | D:3      | 1786 ||| FLEEEEING.
  1787 | D:3      | 1787 ||| FLEEEEING.
  1788 | D:3      | 1788 ||| FLEEEEING.
  1793 | D:3      | 1793 ||| FLEEEEING.
  1794 | D:3      | 1794 ||| FLEEEEING.
  1795 | D:3      | 1795 ||| FLEEEEING.
  1796 | D:3      | 1796 ||| FLEEEEING.
  1797 | D:3      | 1797 ||| FLEEEEING.
  1798 | D:3      | 1798 ||| FLEEEEING.
  1804 | D:3      | 1804 ||| STAIRDANCE
  1883 | D:3      | 1883 ||| STAIRDANCE
  1916 | D:3      | 1916 ||| STAIRDANCE
  1921 | D:2      | HP: 1/30 [gnoll sergeant/+0 trident (9)]
  1921 | D:2      | Slain by a gnoll sergeant

Levels and vault maps discovered:
D:1:      amcnicky_arrival_double_pillar, layout_rooms,
          hellmonk_ecumenical_altar_lost_god, minmay_tetromino_i2
D:2:      layout_loops_ring, basic_altar
D:3:      layout_basic, zin_statuary, nemelex_xobeh_ov_fountains_minmay,
          nicolae_shop_vocational, uniq_ijyb, uniq_terence

Skill      XL: |  1  2  3  4 |
---------------+-------------+-----
Ranged Weapons | 3 4 |  4.5
Fighting       | 2 |  2.1
Armour         | 1 |  1.0
Dodging        | |  1.5
Spellcasting   | |  1.0
Hexes          | |  2.6

Action                     |  1- 3 |  4- 6 || total
---------------------------+-------+-------++-------
   Fire: Sling             |   117 |    63 ||   180
    Use: Scroll            |     5 |     2 ||     7
         Potion            |       |     1 ||     1
 Armour: Robe              |    10 |       ||    10
         Ring mail         |    17 |    22 ||    39
  Dodge: Dodged            |    49 |    23 ||    72

Table legend:
 A = Non-vault XP
 B = Vault XP
 C = Vault XP percentage of total XP
 D = Non-vault monster count
 E = Vault monster count
 F = Vault count percentage of total count
                 A         B        C        D         E       F
            +---------+---------+-------+---------+---------+-------
      Total |     131 |      40 |  23.4 |      36 |       3 |   7.7
            +---------+---------+-------+---------+---------+-------
        D:1 |      24 |       4 |  14.3 |      14 |       2 |  12.5
        D:2 |      73 |       0 |   0.0 |      16 |       0 |   0.0
        D:3 |      34 |      36 |  51.4 |       6 |       1 |  14.3
            +---------+---------+-------+---------+---------+-------
